 Dungeon Crawl Stone Soup version 0.16-a0-2296-gdce89d5 (webtiles) character file.

18196 Kraw the Cruncher (level 12, -14/101 HPs)
             Began as a Mottled Draconian Gladiator on Nov 15, 2014.
             Was a High Priest of Okawaru.
             Demolished by Snorg (23 damage)
             ... on level 3 of the Lair of Beasts on Nov 16, 2014.
             The game lasted 01:29:12 (17042 turns).

Kraw the Cruncher (Mottled Draconian Gladiator)    Turns: 17042, Time: 01:29:13

Health: -14/101    AC: 17    Str: 18    XL:     12   Next: 25%
Magic:  20/20      EV: 23    Int: 10    God:    Okawaru [*****.]
Gold:   528        SH:  0    Dex: 15    Spells: 0 memorised, 11 levels left

rFire  . . .     SeeInvis .     a - +2 lajatang (protect)
rCold  . . .     Clarity  .     (armour unavailable)
rNeg   . . .     SustAb   .     (no shield)
rPois  .         Gourm    .     c - +1 hat
rElec  .         Spirit   .     x - +0 cloak
rCorr  .         Warding  .     e - +0 pair of gloves
rMut   .         Stasis   .     k - +0 pair of boots
MR     +....                    (no amulet)
Stlth  ++........               P - ring of protection from magic
                                K - +4 ring of evasion

@: short of breath, somewhat resistant to hostile enchantments, unstealthy
A: breathe sticky flames, unfitting armour, cold-blooded, AC +8
a: Breathe Sticky Flame, Heroism, Finesse, Renounce Religion


You were on level 3 of the Lair of Beasts.
You worshipped Okawaru.
Okawaru was extremely pleased with you.
You were not hungry.

You visited 3 branches of the dungeon, and saw 14 of its levels.
You also visited: Bailey.

You collected 528 gold pieces.

Inventory:

Hand weapons
 a - a +2 lajatang of protection (weapon)
 b - a +0 blowgun
 q - a +2 quarterstaff of protection
Missiles
 d - 2 throwing nets {=f}
 y - 10 curare-tipped needles
 A - 16 tomahawks (quivered)
 M - 27 poisoned needles
Armour
 c - a +1 hat (worn)
 e - a +0 pair of gloves (worn)
 k - a +0 pair of boots (worn)
 x - a +0 cloak (worn)
Jewellery
 F - an uncursed amulet of warding {unknown}
 K - a +4 ring of evasion (left hand)
 P - a ring of protection from magic (right hand)
 R - an uncursed ring of ice {unknown}
Magical devices
 B - a wand of flame (32)
 C - a wand of polymorph (13)
 G - a wand of frost (25)
 Q - a wand of fireball (3)
Scrolls
 h - 5 scrolls of teleportation
 r - a scroll of blinking
 s - a scroll of magic mapping
 v - 4 scrolls of remove curse
 w - 3 scrolls of fog
 D - a scroll of fear
 H - a scroll of enchant armour
 J - 3 scrolls of recharging
 L - 2 scrolls of vulnerability {unknown}
Potions
 i - a potion of berserk rage
 j - a potion of might
 l - 3 potions of brilliance
 o - 6 potions of heal wounds
 t - 3 potions of agility {unknown}
 z - 2 potions of restore abilities
 E - a potion of cancellation
 I - 4 potions of curing
 N - 2 potions of flight
Miscellaneous
 u - a fan of gales
Comestibles
 f - 6 bread rations
 g - 13 fruits
 m - 10 meat rations
 n - 8 slices of pizza
 p - 2 beef jerkies
 O - 6 chunks of flesh


   Skills:
 - Level 7.8 Fighting
 - Level 14.0 Staves
 - Level 1.7 Throwing
 + Level 11.3 Dodging
 - Level 5.1 Invocations


You had 11 spell levels left.
You didn't know any spells.

Dungeon Overview and Level Annotations

Branches:
Dungeon (10/15)            Temple (1/1) D:4            Lair (3/8) D:8
    Orc (0/4) D:10
  Swamp: Lair:3-6    Shoals: Lair:3-6     Snake: Lair:3-6    Spider: Lair:3-6

Altars:
Dithmenos
Fedhas
Gozag
Makhleb
Nemelex Xobeh
Okawaru
Qazlal
Ru
Xom
Zin
The Shining One

Shops:
D:4 [

Annotations:
Lair:2 Fannar, Nergalle
Lair:3 Snorg


Innate Abilities, Weirdness & Mutations

You can spit globs of burning liquid.
You can ignite nearby creatures when you spit burning liquid.
Your weird mottled scales are hard (AC +8).
Your body does not fit into most forms of armour.
Your cold-blooded metabolism reacts poorly to cold.


Message History

You closely miss Snorg.
Snorg is severely wounded.
Snorg closely misses you. Snorg claws you! Snorg misses you.
Use which ability? (? or * to list)
Press: ? - help, Shift-Dir - straight line, f/p - Snorg
Aim: Snorg (severely wounded, berserk, fast, unusually strong, poisoned)
You spit a glob of burning liquid.
The splash of liquid fire misses Snorg.
You feel somewhat more hungry. Snorg misses you. Snorg barely misses you.
Snorg completely misses you. Snorg barely misses you. Snorg misses you.
Snorg claws you.
You closely miss Snorg.
Your tail-slap misses Snorg.
Snorg is severely wounded.
Snorg misses you. Snorg barely misses you. Snorg claws you!
You hit Snorg. You tail-slap Snorg.
Snorg is severely wounded.
Snorg closely misses you. Snorg claws you. Snorg closely misses you.
Snorg bites you!!
* * * LOW HITPOINT WARNING * * *
Snorg closely misses you. Snorg completely misses you. Snorg bites you!!
You die...

##..≈##≈.## #.........
#...≈≈≈≈.P######...#....
#........#.##P#P.......
##.###.................
#.............#.......
#.....................
##....##...............
#.....#............#...
##....@#.......#..##..
#...%T..............
#.....#............
#.....#...........
#...(..#.......
##..(........
#..(.##.... P....P ...
##.....


You could see Snorg (berserk).

Vanquished Creatures
  2 hydras
  The ghost of hackum the Fighter, an experienced DgMo (Lair:1)
  A hill giant (D:10)
  Pikel (D:4)
  An orc knight (Bailey)
  3 spiny frogs
  4 komodo dragons
  A fire drake (Lair:2)
  A troll (D:10)
  3 blink frogs (Lair:3)
  A hill giant zombie (D:10)
  A wyvern (D:8)
  5 hippogriffs
  15 yaks
  2 hungry ghosts
  A soldier ant (D:9)
  Edmund (D:6)
  Menkaure (D:5)
  4 wolves (Lair:2)
  7 water moccasins
  2 yellow wasps
  4 orc warriors
  4 porcupines
  7 ice beasts
  4 phantoms
  4 sky beasts
  A slave (D:4)
  A necrophage (D:10)
  A black bear (D:10)
  3 ogres
  2 centaurs
  4 crocodiles
  4 big kobolds
  Duvessa (D:6)
  19 giant frogs
  A gnoll sergeant (D:8)
  A wyvern skeleton (D:10)
  A scorpion (D:10)
  A killer bee (D:5)
  4 troll zombies (D:10)
  2 wandering mushrooms (D:8)
  Dowan (D:6)
  3 crimson imps
  5 goliath beetles
  A jelly (D:6)
  3 giant frog skeletons
  A quasit (D:10)
  A giant frog zombie (D:6)
  5 orc priests
  7 hounds
  6 iguanas
  6 worker ants
  13 orc wizards
  6 sheep
  3 killer bee zombies
  Ijyb (D:3)
  3 ogre zombies (D:10)
  3 hound skeletons
  2 mummies (D:8)
  A worker ant zombie (D:6)
  3 gnolls (D:8)
  10 adders
  20 green rats
  2 giant mites (D:5)
  A worm (D:2)
  4 giant geckos
  An ooze (D:3)
  49 orcs
  2 ball pythons
  20 giant cockroaches
  20 goblins
  18 hobgoblins
  5 quokkas
  14 bats
  6 giant newts
  2 giant spores
  2 goblin skeletons (D:10)
  2 goblin zombies (D:10)
  2 hobgoblin skeletons (D:10)
  12 jackals
  32 kobolds
  A kobold zombie (D:8)
  An orc skeleton (D:10)
  18 orc zombies
  13 rats
  5 ballistomycetes
  2 fungi (D:8)
465 creatures vanquished.

Vanquished Creatures (others)
  4 fungi (D:8)
4 creatures vanquished.

Grand Total: 469 creatures vanquished

Notes
Turn   | Place    | Note
--------------------------------------------------------------
     0 | D:1      | Kraw, the Draconian Gladiator, began the quest for the Orb.
     0 | D:1      | Reached XP level 1. HP: 17/17 MP: 1/1
   148 | D:1      | Reached XP level 2. HP: 24/24 MP: 2/2
   281 | D:1      | Reached skill level 4 in Staves
   488 | D:1      | Reached XP level 3. HP: 26/29 MP: 3/3
   895 | D:2      | Found a shimmering altar of Xom.
   895 | D:2      | Found a glowing silver altar of Zin.
   896 | D:2      | Noticed an angel
  1037 | D:2      | Reached XP level 4. HP: 36/36 MP: 4/4
  1205 | D:2      | Reached skill level 5 in Staves
  2051 | D:3      | Found an iron altar of Okawaru.
  2053 | D:3      | Found a sacrificial altar of Ru.
  2053 | D:3      | Found an opulent altar of Gozag.
  2091 | D:3      | Found a shadowy altar of Dithmenos.
  2094 | D:3      | Found a burning altar of Makhleb.
  2096 | D:3      | Found a sparkling altar of Nemelex Xobeh.
  2096 | D:3      | Found a blossoming altar of Fedhas.
  2101 | D:3      | Became a worshipper of Warmaster Okawaru
  2238 | D:3      | Found a stormy altar of Qazlal.
  2350 | D:3      | Noticed Ijyb
  2375 | D:3      | Killed Ijyb
  2690 | D:4      | Reached XP level 5. HP: 35/41 MP: 5/5
  2735 | D:4      | Reached skill level 6 in Staves
  2788 | D:4      | Found Chuyguss' Antique Armour Emporium.
  3022 | D:4      | Found a staircase to the Ecumenical Temple.
  3031 | Temple   | Entered the Ecumenical Temple
  3358 | D:5      | Entered Level 5 of the Dungeon
  3563 | D:5      | Reached XP level 6. HP: 26/48 MP: 6/6
  3651 | D:5      | Noticed Pikel
  3651 | D:5      | Noticed a slave
  3651 | D:5      | Noticed a slave
  3684 | D:5      | Noticed a slave
  3686 | D:5      | Noticed a slave
  3706 | D:4      | Killed a slave
  4011 | D:5      | Noticed a sky beast
  4022 | D:4      | Killed a sky beast
  4022 | D:4      | Reached skill level 7 in Staves
  4300 | D:4      | Killed Pikel
  4300 | D:4      | Acquired Okawaru's first power
  4300 | D:4      | Reached skill level 9 in Staves
  4300 | D:4      | Your scales start taking on a weird mottled pattern.
  4300 | D:4      | Reached XP level 7. HP: 50/55 MP: 7/7
  4366 | D:5      | Found a runed door.
  4370 | D:5      | Found a runed door.
  4378 | D:5      | Reached skill level 1 in Invocations
  4602 | D:5      | Noticed an ice beast
  4615 | D:5      | Killed an ice beast
  4615 | D:5      | Reached XP level 8. HP: 61/61 MP: 11/13
  4729 | D:5      | Found a glowing golden altar of the Shining One.
  4816 | D:5      | Noticed Menkaure
  4821 | D:5      | Killed Menkaure
  4876 | D:5      | Reached skill level 5 in Invocations
  5033 | D:5      | Upgraded the game from 0.16-a0-2254-g943817a to 0.16-a0-2296-gdce89d5
  5376 | D:6      | Reached skill level 10 in Staves
  5768 | D:6      | Noticed Edmund
  5782 | D:6      | Killed Edmund
  5782 | D:6      | Reached skill level 11 in Staves
  5782 | D:6      | Reached XP level 9. HP: 67/67 MP: 17/17
  6025 | D:6      | Noticed Dowan
  6518 | D:6      | Noticed Duvessa
  6543 | D:6      | Killed Duvessa
  6547 | D:6      | Killed Dowan
  6547 | D:6      | Reached skill level 12 in Staves
  7165 | D:7      | Found an opulent altar of Gozag.
  7177 | D:7      | Paralysed by a yellow wasp for 3 turns
  7880 | D:7      | Reached skill level 13 in Staves
  8208 | D:8      | Found a flagged portal.
  8223 | Bailey   | Entered a bailey
  8223 | Bailey   | Noticed an orc knight
  8223 | Bailey   | Noticed an orc knight
  8224 | Bailey   | Noticed an orc knight
  8341 | Bailey   | an orc knight (ally) was killed
  8358 | Bailey   | Noticed an orc knight
  8731 | D:8      | Reached XP level 10. HP: 73/73 MP: 18/18
  9774 | D:8      | Reached skill level 14 in Staves
  9795 | D:8      | Found a staircase to the Lair.
 10159 | D:8      | Noticed a three-headed hydra
 10189 | D:8      | Killed a three-headed hydra
 10189 | D:8      | Received a gift from Okawaru
 11514 | D:10     | Entered Level 10 of the Dungeon
 12190 | D:10     | Noticed a hill giant
 12204 | D:10     | Killed a hill giant
 12204 | D:10     | Reached XP level 11. HP: 55/94 MP: 19/19
 12384 | D:10     | Reached skill level 5 in Dodging
 12737 | D:10     | Found a staircase to the Orcish Mines.
 13174 | D:10     | Acquired Okawaru's second power
 13501 | Lair:1   | Entered Level 1 of the Lair of Beasts
 13708 | Lair:1   | Identified a scroll of acquirement
 13985 | Lair:1   | Noticed hackum's ghost (experienced DgMo)
 14020 | Lair:1   | Killed hackum's ghost
 15421 | Lair:2   | Received a gift from Okawaru
 15822 | Lair:2   | Reached skill level 10 in Dodging
 15829 | Lair:2   | Noticed Fannar
 16039 | Lair:3   | Reached XP level 12. HP: 48/101 MP: 20/20
 16276 | Lair:2   | Noticed Nergalle
 16444 | Lair:3   | Noticed an eight-headed hydra
 16475 | Lair:3   | Killed an eight-headed hydra
 17018 | Lair:3   | Noticed Snorg
 17042 | Lair:3   | Demolished by Snorg

Action                   |  1- 3 |  4- 6 |  7- 9 | 10-12 || total
-------------------------+-------+-------+-------+-------++-------
Melee: Quarterstaff      |   147 |   221 |   504 |   527 ||  1399
       Lajatang          |       |       |       |   360 ||   360
 Fire: Blowgun           |       |     3 |     2 |     7 ||    12
Throw: Tomahawk          |       |     5 |     8 |   141 ||   154
       Throwing net      |       |       |       |     1 ||     1
Invok: Heroism           |       |       |     6 |     6 ||    12
 Abil: Breathe Sticky Fl |       |       |    24 |    39 ||    63
Evoke: Wand              |       |       |     3 |     2 ||     5
  Use: Potion            |       |     3 |     1 |     1 ||     5
       Scroll            |       |       |       |    23 ||    23
 Stab: Sleeping          |       |       |       |     1 ||     1
  Eat: Chunk             |     1 |    10 |    21 |    28 ||    60
       Beef jerky        |       |       |       |     2 ||     2
       Fruit             |       |       |       |     4 ||     4
